 Dungeon Crawl Stone Soup version 0.26.1-16-g4e020e15dc (webtiles) character file.

Game seed: 14527495054933182909

61 Mickster the Conjurer (level 3, -3/28 HPs)
             Began as a Demigod Wanderer on Feb 17, 2023.
             Killed from afar by Sigmund (7 damage)
             ... with a magic dart
             ... on level 2 of the Dungeon.
             The game lasted 00:16:12 (1427 turns).

Mickster the Conjurer (Demigod Wanderer)            Turns: 1427, Time: 00:16:13

Health: -3/28      AC:  5    Str: 16    XL:     3   Next: 58%
Magic:  8/8        EV: 11    Int: 17    God:
Gold:   20         SH:  5    Dex: 15    Spells: 5/6 levels left

rFire    + . .     SeeInvis .   a - +2 short sword
rCold    + . .     Faith    .   (no shield)
rNeg     . . .     Spirit   .   e - +0 ring mail
rPois    +         Reflect  +   (no helmet)
rElec    +         Harm     .   (no cloak)
rCorr    +         Rampage  .   (no gloves)
Will     +....                  (no boots)
Stlth    +.........             g - amulet of reflection
HPRegen  0.09/turn              j - ring of willpower
MPRegen  0.11/turn              (no ring)

@: resistant
A: high mp 1
a: no special abilities


You were on level 2 of the Dungeon.
You visited 1 branch of the dungeon, and saw 2 of its levels.

You collected 20 gold pieces.

Inventory:

Hand Weapons
 a - a +2 short sword (weapon)
Missiles
 b - 66 stones (quivered)
Armour
 d - a +1 robe
 e - a +0 ring mail (worn)
 f - a +0 ring mail
Jewellery
 g - an amulet of reflection (around neck)
 j - a ring of willpower (left hand)
Scrolls
 h - a scroll of enchant armour
Potions
 c - 2 potions of curing
 i - a potion of resistance
 k - a potion of lignification


   Skills:
 + Level 1.3 Fighting
 + Level 1.8 Short Blades
 + Level 0.3 Armour
 + Level 1.1 Dodging
 + Level 1.0 Stealth
 + Level 1.0 Shields
 + Level 2.0 Spellcasting
 + Level 3.5 Conjurations


You had 5 spell levels left.
You knew the following spells:

 Your Spells              Type           Power        Failure   Level
a - Freeze                Ice            4%           36%         1

Your spell library contained the following spells:

 Spells                   Type           Power        Failure   Level
 Frozen Ramparts          Ice            2%           73%         3


Dungeon Overview and Level Annotations

Branches:
Dungeon (2/15)

Annotations:
D:2 Sigmund


Innate Abilities, Weirdness & Mutations

You have an increased reservoir of magic. (+10% MP)


Message History

Sigmund hits you but does no damage.
You completely miss Sigmund.
Sigmund is heavily wounded.
Sigmund barely misses you.
You closely miss Sigmund.
Sigmund is heavily wounded.
You hit Sigmund.
Sigmund is severely wounded.
Sigmund smiles chillingly.
Sigmund barely misses you.
You hit Sigmund.
Sigmund is severely wounded.
Sigmund closely misses you.
You hit Sigmund but do no damage.
Sigmund is severely wounded.
You hit Sigmund.
Sigmund is severely wounded.
Sigmund casts a spell at you. The magic dart hits you!
You die...

## . .## .... ..# .#.
#.# .. #.# #. #.# #.##
#@#
#######..#######@######.
.....###................
.................#..####
###########..>......#
#......$### #.......#
##.....## #.....#
.....).#


You could see Sigmund.

Vanquished Creatures
  Jessica (D:2)
  An adder (D:2)
  A worm (D:2)
  3 dart slugs
  2 goblins (D:1)
  2 hobgoblins
  A kobold (D:1)
  3 bats (D:1)
  7 rats
21 creatures vanquished.

Notes
Turn   | Place    | Note
-------+----------+-------------------------------------------
     0 | D:1      | Mickster the Demigod Wanderer began the quest for the Orb.
     0 | D:1      | Mickster set off with the following items: a +2 short
                  | sword, a potion of curing, a +0 robe; and the following
                  | spell memorised: Freeze; and the following spells available
                  | to memorise: Frozen Ramparts
     0 | D:1      | Reached XP level 1. HP: 16/16 MP: 5/5
   147 | D:1      | Reached skill level 3 in Conjurations
   237 | D:1      | Reached XP level 2. HP: 15/23 MP: 7/7
  1028 | D:2      | Reached XP level 3. HP: 18/28 MP: 8/8
  1285 | D:2      | Noticed Jessica
  1294 | D:2      | Killed Jessica
  1409 | D:2      | Noticed Sigmund
  1427 | D:2      | Killed from afar by Sigmund

Illustrated notes

Levels and vault maps discovered:
D:1:      eino_arrival_water_cross, layout_loops_ring, minmay_split_cup_large
D:2:      layout_rooms, uniq_jessica, uniq_sigmund

Skill      XL: |  1  2 |
---------------+-------+-----
Conjurations   | 3 |  3.5
Spellcasting   | 2 |  2.0
Fighting       | |  1.3
Short Blades   | |  1.8
Armour         | |  0.3
Dodging        | |  1.1
Stealth        | |  1.0
Shields        | |  1.0

Action                   || total
-------------------------++-------
Melee: Short sword       ||    74
Throw: Stone             ||     7
  Use: Scroll            ||     6
       Potion            ||     5
Armor: Ring mail         ||    14
Dodge: Dodged            ||    26
Block: Other             ||     6
